 Dungeon Crawl Stone Soup version 0.29-a0-271-gd4eb659eea (webtiles) character file.

Game seed: 6667879189822348468

2901 sokol815 the Covert (level 9, -20/51 HPs)
             Began as an Octopode Air Elementalist on Mar 8, 2022.
             Was an Initiate of Gozag.
             Demolished by a two-headed ogre
             ... wielding a +0 giant spiked club
              (23 damage)
             ... on level 8 of the Dungeon.
             The game lasted 00:34:00 (9939 turns).

sokol815 the Covert (Octopode Air Elementalist)     Turns: 9939, Time: 00:34:01

Health: -20/51     AC:  1    Str: 13    XL:     9   Next: 78%
Magic:  18/21      EV: 13    Int: 21    God:    Gozag
Gold:   349        SH:  0    Dex: 13    Spells: 3/12 levels left

rFire   . . .      SeeInvis .   a - +4 short sword (protect)
rCold   + . .      Faith    .   (no shield)
rNeg    . . .      Spirit   .   (helmet restricted)
rPois   +          Reflect  .   w - amulet of regeneration
rElec   .          Harm     .   j - +6 ring of strength
rCorr   .          Rampage  .   C - ring of protection from cold {rC+, !d}
Will    .....                   k - ring of flight {+Fly, !d}
Stlth   +++++.....              P - ring of poison resistance {rPois, !d}
HPRegen 0.97/turn               x - ring of magical power {MP+9}
MPRegen 0.17/turn               (no ring)
                                (no ring)
                                (no ring)

@: flying
A: almost no armour, amphibious, 8 rings, camouflage 1, gelatinous body 1,
(nimble swimmer 1), tentacles
a: Renounce Religion, Potion Petition, Call Merchant, Bribe Branch


You were on level 8 of the Dungeon.
You worshipped Gozag.
Gozag was aware of your devotion.
You visited 2 branches of the dungeon, and saw 9 of its levels.

You collected 687 gold pieces.
You spent 234 gold pieces at shops.
You paid 104 gold pieces to Gozag.

Inventory:

Hand Weapons
 a - a +4 short sword of protection (weapon)
   (You found it on level 2 of the Dungeon)
 b - a +0 dagger
   (You took it off a kobold on level 1 of the Dungeon)
 l - a +0 hunting sling
   (You found it on level 2 of the Dungeon)
 m - a +0 hand crossbow
   (You found it on level 2 of the Dungeon)
 n - a +1 falchion of holy wrath
   (You found it on level 5 of the Dungeon)
Missiles
 d - 3 silver boomerangs
 g - 4 silver javelins (quivered)
 h - 6 poisoned darts
 p - a curare-tipped dart
 q - 5 atropa-tipped darts
 s - 262 stones
Magical Staves
 f - a staff of poison {rPois}
   (You found it on level 2 of the Dungeon)
Jewellery
 c - a ring of ice {rC+, rF-}
   (You found it on level 2 of the Dungeon)
 e - an amulet of reflection
   (You found it on level 2 of the Dungeon)
 j - a +6 ring of strength (left tentacle)
   (You found it on level 2 of the Dungeon)
 k - a ring of flight (on tentacle) {+Fly, !d}
   (You took it off an orc on level 4 of the Dungeon)
 w - an amulet of regeneration (around mantle)
   (You found it on level 7 of the Dungeon)
 x - a ring of magical power (on tentacle) {MP+9}
   (You found it on level 8 of the Dungeon)
 C - a ring of protection from cold (right tentacle) {rC+, !d}
   (You found it on level 3 of the Dungeon)
 P - a ring of poison resistance (on tentacle) {rPois, !d}
   (You found it on level 7 of the Dungeon)
Scrolls
 t - 2 scrolls of fog
 K - 2 scrolls of immolation {!r}
Potions
 i - 3 potions of cancellation
 o - a potion of degeneration {unknown}
 r - a potion of flight {unknown}
 u - a potion of lignification {unknown}
 v - a potion of might {unknown}
 B - a potion of brilliance
 G - 2 potions of ambrosia {!q}
 H - 3 potions of haste
 J - 5 potions of curing {@q1}
 M - a potion of magic
 T - 3 potions of berserk rage {!q}
 U - 3 potions of mutation {!q}


   Skills:
 + Level 6.7 Short Blades
 - Level 2.0 Dodging
 + Level 8.6 Stealth
 - Level 2.0 Spellcasting
 + Level 7.8 Conjurations
 - Level 6.0 Air Magic
 * Level 2.2 Earth Magic


You had 3 spell levels left.
You knew the following spells:

 Your Spells              Type           Power      Damage    Failure   Level
a - Shock                 Conj/Air       100%       1d9       1%          1
b - Static Discharge      Conj/Air       31%        N/A       1%          2
s - Swiftness             Air            27%        N/A       3%          3
x - Stone Arrow           Conj/Erth      46%        3d9       5%          3

Your spell library contained the following spells:

 Spells                   Type           Power      Damage    Failure   Level
 Sandblast                Erth           22%        2d7       6%          1
 Apportation              Tloc           4%         N/A       14%         1
 Passwall                 Tmut/Erth      5%         N/A       14%         2
 Airstrike                Air            13%        N/A       12%         4
 Cause Fear               Hex            1%         N/A       82%         4
 Alistair's Intoxication  Tmut/Pois      1%         N/A       99%         5
 Dragon Form              Tmut           1%         N/A       100%        7
 Dragon's Call            Summ           1%         N/A       100%        9


Dungeon Overview and Level Annotations

Branches:
Dungeon (8/15)             Temple (1/1) D:6
   Lair: D:8-11

Altars:
Ashenzari
Cheibriados
Dithmenos
Elyvilon
Fedhas
Gozag
Hepliaklqana
Makhleb
Nemelex Xobeh
Okawaru
Qazlal
Ru
Sif Muna
Trog
Vehumet
Wu Jian
Xom
Yredelemnul
Zin
The Shining One

Shops:
D:2 :!   D:5 *

Annotations:
D:5 1 runed translucent door, Esekla's ghost, weakling OpDe
D:8 exclusion: two-headed ogre


Innate Abilities, Weirdness & Mutations

You cannot wear most types of armour.
You are amphibious.
You can wear up to eight rings at the same time.
Your skin changes colour to match your surroundings (Stealth+).
Your rubbery body absorbs attacks. (AC +1, EV +1)
((You are camouflaged when in or above water. (Stealth+)))
You have tentacles for arms and can constrict up to eight enemies at once.


Message History

Aim: a gnoll sergeant, wielding a +2 spear of venom, wearing a +0 scale mail, wearing a +0 kite shield and quivering stones (84% to hit)
The zap hits the gnoll sergeant but does no damage.
The gnoll shouts!
You hear a shout!
You now have 19/21 mp.
Aim: a gnoll sergeant, wielding a +2 spear of venom, wearing a +0 scale mail, wearing a +0 kite shield and quivering stones (84% to hit)
The zap hits the gnoll sergeant but does no damage.
You now have 18/21 mp.
Aim: a gnoll sergeant, wielding a +2 spear of venom, wearing a +0 scale mail, wearing a +0 kite shield and quivering stones (84% to hit)
The zap hits the gnoll sergeant.
A gnoll comes into view. It is wielding a +0 flail.
You now have 17/21 mp.
Aim: a gnoll sergeant, wielding a +2 spear of venom, wearing a +0 scale mail, wearing a +0 kite shield and quivering stones (lightly wounded, 83% to hit)
The stone arrow misses the gnoll.
The stone arrow hits the gnoll sergeant!!
The gnoll shouts!
You now have 14/21 mp.
Aim: a gnoll sergeant, wielding a +2 spear of venom, wearing a +0 scale mail, wearing a +0 kite shield and quivering stones (almost dead, 83% to hit)
The stone arrow hits the gnoll!
The gnoll misses you.
You now have 12/21 mp.
Aim: a gnoll sergeant, wielding a +2 spear of venom, wearing a +0 scale mail, wearing a +0 kite shield and quivering stones (almost dead, 83% to hit)
The stone arrow misses the gnoll.
The stone arrow hits the gnoll!
The gnoll barely misses you.
You now have 9/21 mp.
The gnoll barely misses you.
Health restored: 51 The zap hits the gnoll.
You kill the gnoll!
The zap misses the gnoll.
The zap hits the gnoll.
The zap hits the gnoll sergeant.
You kill the gnoll sergeant!
The zap hits the gnoll!
Your Earth Magic skill increases to level 2!
You now have 9/21 mp.
The zap hits the gnoll! x2
You kill the gnoll!
The zap hits the two-headed ogre.
You now have 8/21 mp.
The zap hits the gnoll. x2
You kill the gnoll!
The zap hits the two-headed ogre.
The gnoll misses you.
The two-headed ogre is distracted by your dazzling golden aura.
You now have 7/21 mp.
The zap hits the gnoll!
You kill the gnoll!
The zap hits the two-headed ogre.
The two-headed ogre is no longer distracted by gold.
The two-headed ogre shouts in stereo!
You now have 6/21 mp.
The zap hits the two-headed ogre!
The zap hits the two-headed ogre.
You now have 5/21 mp.
Aim: a two-headed ogre, wielding a +0 giant spiked club and a +0 dire flail (heavily wounded, 86% to hit)
Okay, then.
Aim: a two-headed ogre, wielding a +0 giant spiked club and a +0 dire flail (heavily wounded, 86% to hit)
The stone arrow hits the two-headed ogre!
You now have 2/21 mp.
You hit the two-headed ogre.
Your weapon exudes an aura of protection.
The two-headed ogre closely misses you.
The two-headed ogre hits you with a +0 dire flail!
You take 9 damage, and have 42/51 hp.
You hit the two-headed ogre but do no damage.
You squeeze the two-headed ogre.
You hit the two-headed ogre but do no damage.
You squeeze the two-headed ogre.
The two-headed ogre hits you with a +0 giant spiked club!!
The two-headed ogre hits you with a +0 dire flail!!
* * * LOW HITPOINT WARNING * * *
You take 40 damage, and have 3/51 hp.
MASSIVE DAMAGE!!
Okay, then.
The two-headed ogre attacks as you move away!
The two-headed ogre misses you. The two-headed ogre barely misses you.
You reach down and open the door.
The two-headed ogre is distracted by your dazzling golden aura.
There is an open door here.
The two-headed ogre is no longer distracted by gold.
There is a stone staircase leading up here.
You fly upwards.
There is a stone staircase leading down, spattered with blood here.
Things that are here:
a +0 robe; a +0 dagger You regained 2 hp, and now have 16/51 hp.
You start resting.
Health restored: 51; MP restored: 21 You fly downwards.
Level annotation: exclusion: two-headed ogre The two-headed ogre hits you with a +0 giant spiked club!!
The two-headed ogre barely misses you.
There is a stone staircase leading up, spattered with blood here.
You take 20 damage, and have 31/51 hp.
MASSIVE DAMAGE!!
Aim: a two-headed ogre, wielding a +0 giant spiked club and a +0 dire flail (lightly wounded, 86% to hit)
The stone arrow hits the two-headed ogre!
The two-headed ogre hits you with a +0 giant spiked club!!
Ouch! That really hurt!
* * * LOW HITPOINT WARNING * * *
The two-headed ogre hits you with a +0 dire flail!!
You die...
Your body crumbles into a pile of gold.

#.....# #.....#
#.....# #.....#
#...).# #########[.##
####
#.....###.)#######...
#................#...
#...@[..)........#...
#...O..[.........#...
#................+...
#......##...##..###..
#......#######..###..
+......#.........#...
#......#.........#..O
#......'...$$..$.#...
#......#.........'...


You could see a two-headed ogre.

Vanquished Creatures
  Grinder (D:6)
  3 black bears
  An orc warrior (D:6)
  3 ogres
  A phantom (D:7)
  A necrophage (D:7)
  3 bullfrogs
  A kobold brigand (D:7)
  A gnoll sergeant (D:8)
  5 scorpions
  4 wights
  5 howler monkeys
  A jelly (D:7)
  A gnoll shaman (D:8)
  3 hounds
  5 orc priests
  4 iguanas
  6 orc wizards
  A statue (D:6)
  10 gnolls
  13 adders
  2 white imps
  4 worms
  2 dart slugs
  20 orcs
  10 ball pythons
  4 bats
  9 endoplasms
  6 giant cockroaches
  5 goblins
  8 hobgoblins
  4 jackals (D:1)
  18 kobolds
  4 quokkas
  2 ball python zombies (D:3)
  2 frilled lizards (D:1)
  10 rats
  A spectral hobgoblin (D:1)
184 creatures vanquished.

Notes
Turn   | Place    | Note
-------+----------+-------------------------------------------
     0 | D:1      | sokol815 the Octopode Air Elementalist began the quest for
                  | the Orb.
     0 | D:1      | Reached XP level 1. HP: 11/11 MP: 3/3
   220 | D:1      | Reached XP level 2. HP: 17/17 MP: 3/5
   429 | D:1      | You fall into a shaft and drop 1 floor!
   529 | D:2      | Found Kofon's Distillery.
   537 | D:2      | Reached XP level 3. HP: 19/21 MP: 2/6
   538 | D:2      | Reached skill level 2 in Conjurations
   540 | D:2      | Reached skill level 3 in Stealth
   722 | D:1      | Learned a level 2 spell: Static Discharge
   829 | D:1      | Found a faded altar of an unknown god.
   909 | D:1      | Reached skill level 1 in Short Blades
  1092 | D:1      | Reached XP level 4. HP: 27/27 MP: 4/7
  1899 | D:2      | Found Foheemm's Book Shop.
  2552 | D:3      | Reached skill level 4 in Stealth
  2552 | D:3      | Reached XP level 5. HP: 31/31 MP: 5/8
  2627 | D:3      | Reached skill level 4 in Air Magic
  3096 | D:3      | Found a blossoming altar of Fedhas.
  3102 | D:3      | Reached skill level 2 in Short Blades
  3250 | D:3      | Found a basalt altar of Yredelemnul.
  3771 | D:4      | Found a stormy altar of Qazlal.
  3846 | D:4      | Reached skill level 3 in Conjurations
  3896 | D:4      | Reached XP level 6. HP: 36/36 MP: 4/9
  4255 | D:4      | Reached skill level 3 in Short Blades
  4552 | D:5      | Entered Level 5 of the Dungeon
  4637 | D:5      | Reached skill level 4 in Conjurations
  4637 | D:5      | Reached skill level 5 in Air Magic
  4637 | D:5      | Reached XP level 7. HP: 41/41 MP: 8/10
  4675 | D:5      | Found a broken altar of Ashenzari.
  4800 | D:5      | Found Wyrok's Assorted Antiques.
  4825 | D:5      | Found a runed translucent door.
  4830 | D:5      | Noticed Esekla's ghost (weakling OpDe)
  5252 | D:5      | Reached skill level 4 in Short Blades
  5370 | D:5      | Reached skill level 5 in Conjurations
  5466 | D:5      | Learned a level 3 spell: Swiftness
  5493 | D:5      | Reached XP level 8. HP: 29/46 MP: 11/11
  5680 | D:6      | Reached skill level 6 in Air Magic
  5822 | D:6      | Found a radiant altar of Vehumet.
  5918 | D:6      | Noticed Grinder
  5925 | D:6      | Paralysed by Grinder for 3 turns
  5931 | D:6      | Paralysed by Grinder for 3 turns
  5937 | D:6      | Killed Grinder
  5938 | D:6      | Reached skill level 5 in Stealth
  5938 | D:6      | Reached skill level 6 in Conjurations
  6559 | D:6      | Reached skill level 5 in Short Blades
  6559 | D:6      | Reached skill level 6 in Stealth
  6849 | D:6      | Found a staircase to the Ecumenical Temple.
  6858 | Temple   | Entered the Ecumenical Temple
  6954 | Temple   | Became a worshipper of Gozag Ym Sagoz the Greedy
  7443 | D:6      | HP: 10/46 [charred statue/puff of flame (7)]
  7697 | D:6      | Reached XP level 9. HP: 41/51 MP: 0/12
  8210 | D:7      | Reached skill level 7 in Stealth
  8210 | D:7      | Reached skill level 7 in Conjurations
  8410 | D:7      | Found a white marble altar of Elyvilon.
  8452 | D:7      | Reached skill level 6 in Short Blades
  8554 | D:7      | Found a bloodstained altar of Trog.
  8737 | D:7      | Reached skill level 8 in Stealth
  9218 | D:2      | Bought a book of Geomancy for 234 gold pieces
  9222 | D:2      | Learned a level 3 spell: Stone Arrow
  9490 | D:8      | Reached skill level 1 in Earth Magic
  9718 | D:8      | Noticed a two-headed ogre
  9821 | D:8      | Reached skill level 2 in Earth Magic
  9829 | D:8      | HP: 3/51 [two-headed ogre/+0 giant spiked club (20)]
  9939 | D:8      | HP: 3/51 [two-headed ogre/+0 giant spiked club (29)]
  9939 | D:8      | Demolished by a two-headed ogre

Illustrated notes

Levels and vault maps discovered:
D:1:      dpeg_arrival_leaves_temple_mockup, layout_basic,
          dreamdust_ecumenical_altar_drowned_temple,
          ebering_dispersal_statue_hall, st_stairs_4, hex_medium
D:2:      layout_loops_cross, serial_shops, shop, nicolae_lakefront_shop,
          minmay_mini_jars
D:3:      layout_loops_ring, lemuel_zombie_altar_yredelemnul,
          overflow_temple_1_default
D:4:      layout_basic, grunt_qazlal_clouds
D:5:      layout_basic, ashenzari_conservatory_becter, serial_shops, shop,
          ebering_ghost_sewer_d, hangedman_minor_gate_pass
D:6:      layout_basic, vehumet_statue, temple_statues, uniq_grinder
D:7:      layout_gridville, mainiacjoe_overflow_paths, trog_ov_bears_minmay,
          hangedman_decor_slide_cut, kennysheep_another_room,
          nrook_loot_triangle
D:8:      layout_gridville, minmay_orc_keep
Temple:   dshaligram_water_room_temple

Skill      XL: |  1  2  3  4  5  6  7  8  9 |
---------------+----------------------------+-----
Conjurations   | 2 3 4 5 6 7 |  7.8
Stealth        | 3 4 6 8 |  8.6
Short Blades   | 1 2 3 4 5 6 |  6.7
Air Magic      | 4 5 6 |  6.0
Earth Magic    | 2 |  2.2
Dodging        | |  2.0
Spellcasting   | |  2.0

Action                   |  1- 3 |  4- 6 |  7- 9 || total
-------------------------+-------+-------+-------++-------
Melee: Tentacles         |     3 |     5 |    21 ||    29
       Unarmed           |     1 |       |       ||     1
       Dagger            |     3 |       |       ||     3
       Short sword       |     6 |    32 |    93 ||   131
       Constrict         |     2 |     5 |    19 ||    26
       Falchion          |       |       |     3 ||     3
       Punch             |       |       |     1 ||     1
Throw: Stone             |     1 |    13 |       ||    14
       Javelin           |       |       |     4 ||     4
 Cast: Shock             |    49 |   120 |   221 ||   390
       Static Discharge  |       |     2 |     2 ||     4
       Stone Arrow       |       |       |     5 ||     5
  Use: Scroll            |     2 |     5 |     9 ||    16
 Stab: Sleeping          |     1 |     3 |     6 ||    10
       Distracted        |     1 |       |       ||     1
Armor: Skin              |     4 |     3 |    11 ||    18
Dodge: Dodged            |    18 |    13 |    55 ||    86
Block: Other             |     3 |    12 |    12 ||    27
       Reflection        |       |     1 |     3 ||     4

Table legend: (Time is in decaauts)
 A = Elapsed time spent in this place.
 B = Non-inter-level travel time spent in this place.
 C = Inter-level travel time spent in this place.
 D = Time resting spent in this place.
 E = Time spent auto-exploring this place.
 F = Levels seen in this place.
 G = Mean time per level.
                   A        B        C        D        E       F      G
               +--------+--------+--------+--------+--------+-----+--------+
         Total |   9934 |   9184 |    750 |   2533 |   5321 |   9 | 1103.8 |
       Dungeon |   9822 |   9088 |    734 |   2533 |   5241 |   8 | 1227.8 |
        Temple |    112 |     96 |     16 |      0 |     80 |   1 |  112.0 |
               +--------+--------+--------+--------+--------+-----+--------+

Top non-repeatable levels by time:
     D:6: 1973 daAuts
     D:7: 1511 daAuts
     D:1: 1407 daAuts
     D:5: 1325 daAuts
     D:2: 1263 daAuts
     D:4: 1063 daAuts
     D:3: 1031 daAuts
     D:8: 245 daAuts
  Temple: 112 daAuts

Table legend:
 A = Kills in this place as a percentage of kills in entire the game.
 B = Kills by you in this place as a percentage of kills by you in the entire game.
 C = Kills by friends in this place as a percentage of kills by friends in the entire game.
 D = Other kills in this place as a percentage of other kills in the entire game.
 E = Experience gained in this place as a percentage of experience gained in the entire game.
 F = Experience gained in this place divided by the number of levels of this place that you have seen.
                   A       B       C       D       E      F
               +-------+-------+-------+-------+-------+----------------------
         Total | 100.0 | 100.0 |   N/A |   N/A | 100.0 | 460.6
       Dungeon | 100.0 | 100.0 |   N/A |   N/A | 100.0 | 518.1
               +-------+-------+-------+-------+-------+----------------------
